 Dungeon Crawl Stone Soup version 0.28-a0-1227-ga9037bb4c8 (webtiles) character file.

Game seed: 14537290587085607009

282 ChaosChampion the Insei (level 6, 0/38 HPs)
             Began as an Octopode Transmuter on Dec 22, 2021.
             Slain by an adder (1 damage)
             ... on level 3 of the Dungeon.
             The game lasted 00:04:40 (3797 turns).

ChaosChampion the Insei (Octopode Transmuter)       Turns: 3797, Time: 00:04:40

Health: 0/38       AC:  2    Str:  9    XL:     6   Next: 28%
Magic:  3/9        EV: 19    Int: 17    God:
Gold:   125        SH:  0    Dex: 18    Spells: 3/9 levels left

rFire   . . .      SeeInvis .     - Unarmed
rCold   . . .      Faith    .   (shield currently unavailable)
rNeg    . . .      Spirit   .   (helmet currently unavailable)
rPois   x          Reflect  .   (no amulet)
rElec   .          Harm     .   (no ring)
rCorr   .          Rampage  .   (no ring)
Will    .....                   (no ring)
Stlth   ++........              (no ring)
HPRegen 0.12/turn               (no ring)
MPRegen 0.11/turn               (no ring)
                                (no ring)
                                (no ring)

@: spider-form, very slightly contaminated
A: venomous fangs, almost no armour, (amphibious), 8 rings, tiny, (camouflage
1), (gelatinous body 1), (nimble swimmer 1), (tentacles)
a: End Transformation


You were on level 3 of the Dungeon.
You were a venomous arachnid creature.
You visited 1 branch of the dungeon, and saw 3 of its levels.

You collected 125 gold pieces.

Inventory:

Magical Staves
 e - a staff of fire
 j - a staff of poison (melded)
Scrolls
 d - a scroll of magic mapping {unknown}
 f - a scroll of blinking {unknown}
 g - 3 scrolls of identify {unknown}
 h - a scroll of holy word {unknown}
 i - a scroll of teleportation {unknown}
Potions
 a - 2 potions of mutation {unknown}
 b - a potion of lignification {unknown}
 c - a potion of magic {unknown}


   Skills:
 + Level 1.3 Fighting
 + Level 2.1 Dodging
 * Level 5.6 Unarmed Combat
 + Level 2.0 Spellcasting
 + Level 3.8 Transmutations
 + Level 0.5 Poison Magic


You had 3 spell levels left.
You knew the following spells:

 Your Spells              Type           Power      Damage    Failure   Level
a - Beastly Appendage     Tmut           28%        N/A       13%         1
b - Wereblood             Tmut           14%        N/A       17%         2
c - Spider Form           Tmut/Pois      9%         N/A       45%         3

Your spell library contained the following spells:

 Spells                   Type           Power      Damage    Failure   Level
 Ice Form                 Ice/Tmut       8%         N/A       83%         4


Dungeon Overview and Level Annotations

Branches:
Dungeon (3/15)

Altars:
Xom

Annotations:
D:3 Natasha


Innate Abilities, Weirdness & Mutations

You are a venomous arachnid creature.
You have poisonous fangs.
You are tiny and dextrous.
Your spellcasting is less reliable in this form.
Your armour is entirely melded.
You are incapable of wielding weapons or throwing items.
You cannot wear most types of armour.
((You are amphibious.))
You can wear up to eight rings at the same time.
((Your skin changes colour to match your surroundings (Stealth+).))
((Your rubbery body absorbs attacks. (AC +1, EV +1)))
((You are camouflaged when in or above water. (Stealth+)))
((You have tentacles for arms and can constrict up to eight enemies at once.))


Message History

There are monsters nearby!
There are monsters nearby!
Casting: Spider Form (quite dangerous; 24% risk of failure)
Confirm with . or Enter, or press ? or * to list all spells.
The spell is quite dangerous to miscast (24% risk of failure)!
Continue anyway?
You feel a surge of power!
You miscast Spider Form.
You are very lightly contaminated with residual magic.
Nothing appears to happen.
The adder barely misses you. Natasha claws you!
The crimson imp blinks!
Casting: Spider Form (quite dangerous; 24% risk of failure)
Confirm with . or Enter, or press ? or * to list all spells.
The spell is quite dangerous to miscast (24% risk of failure)!
Continue anyway?
You feel a surge of power!
You turn into a venomous arachnid creature.
Your staff of poison melds into your body.
The adder misses you. Natasha claws you. The crimson imp barely misses you.
You barely miss Natasha. Natasha misses you. The adder misses you.
The crimson imp completely misses you. Natasha completely misses you.
The adder completely misses you.
You hit Natasha.
Natasha is poisoned.
Natasha is lightly wounded.
The crimson imp hits you. Natasha barely misses you.
The crimson imp grinds its teeth.
The crimson imp misses you. The adder completely misses you.
You hit Natasha.
Natasha looks as sick as possible!
Natasha is moderately wounded.
Natasha casts a spell at you. The magic dart hits you!
The crimson imp hits you.
* * * LOW HITPOINT WARNING * * *
The adder bites you.
* * * LOW HITPOINT WARNING * * *
The crimson imp completely misses you.
You bite Natasha!
Natasha looks as sick as possible!
Natasha is almost dead.
The crimson imp disappears in a puff of smoke!
Natasha casts a spell at you. The magic dart hits you!
* * * LOW HITPOINT WARNING * * *
The crimson imp misses you. The adder bites you.
You die...

##'######........## #... +
#♣≈≈##........#....# ###(
#≈
#♣≈♣♣≈#####....####.######
♣≈♣≈♣# ≈# ###### #.......
♣†≈≈♣#♣# ######).
#♣≈♣≈♣#### ##(#
♣≈♣#♣≈#..### ######)†# P≈♣
♣≈'..S5## #....<.## #'#
♣≈≈♣#.##sh# ....###### ...
### #.###§5...# ... ###
###.$.# .. ...# #### #...#
##... #.5h# #..## #...#
##.### ..5.## ##..###
....###....(.


You could see Natasha (fast, extremely poisoned), 2 crimson imps and an adder.

Vanquished Creatures
  3 orc priests (D:3)
  Natasha (twice) (D:3)
  An orc wizard (D:3)
  Robin (D:3)
  2 adders (D:2)
  2 worms
  8 orcs (D:3)
  5 endoplasms
  2 giant cockroaches (D:1)
  6 hobgoblins
  3 jackals (D:2)
  5 quokkas
  8 ball pythons
  2 bats
  2 frilled lizards (D:1)
  13 goblins
  5 kobolds
  10 rats
80 creatures vanquished.

Vanquished Creatures (others)
  A plant (D:3)
  4 withered plants (D:2)
5 creatures vanquished.

Grand Total: 85 creatures vanquished

Notes
Turn   | Place    | Note
-------+----------+-------------------------------------------
     0 | D:1      | ChaosChampion the Octopode Transmuter began the quest for
                  | the Orb.
     0 | D:1      | Reached XP level 1. HP: 13/13 MP: 3/3
   450 | D:1      | Reached XP level 2. HP: 2/18 MP: 3/5
  1499 | D:2      | Reached XP level 3. HP: 23/23 MP: 4/6
  1556 | D:2      | Found a faded altar of an unknown god.
  1573 | D:2      | Reached skill level 4 in Unarmed Combat
  2175 | D:2      | Reached XP level 4. HP: 22/28 MP: 7/7
  2306 | D:2      | Found a shimmering altar of Xom.
  2656 | D:3      | Noticed Robin
  2676 | D:2      | Learned a level 2 spell: Wereblood
  2680 | D:2      | Learned a level 3 spell: Spider Form
  2810 | D:3      | HP: 1/28 [orc priest/divine providence (7)]
  3120 | D:3      | Reached skill level 5 in Unarmed Combat
  3120 | D:3      | Reached XP level 5. HP: 29/33 MP: 3/8
  3290 | D:3      | Noticed Natasha
  3300 | D:3      | Killed Natasha
  3446 | D:3      | Killed Robin
  3533 | D:3      | Reached XP level 6. HP: 38/38 MP: 5/9
  3704 | D:3      | Noticed Natasha
  3718 | D:3      | Killed Natasha
  3786 | D:3      | Noticed Natasha
  3797 | D:3      | HP: 1/38 [Natasha/magic dart (9)]
  3797 | D:3      | Slain by an adder

Illustrated notes

Levels and vault maps discovered:
D:1:      minmay_arrival_checkered_box, layout_basic
D:2:      layout_loops_ring, ebering_ecumenical_altar_petrified, basic_altar
D:3:      layout_rooms, saegor_snake_ambush, uniq_robin, uniq_natasha

Skill      XL: |  1  2  3  4 |
---------------+-------------+-----
Unarmed Combat | 4 5 |  5.6
Transmutations | 3 |  3.8
Fighting       | |  1.3
Dodging        | |  2.1
Spellcasting   | |  2.0
Poison Magic   | |  0.5

Action                   |  1- 3 |  4- 6 || total
-------------------------+-------+-------++-------
Melee: Unarmed           |    83 |   104 ||   187
       Constrict         |    21 |    16 ||    37
       Tentacles         |    11 |     7 ||    18
       Kick              |     6 |     2 ||     8
       Punch             |     3 |     2 ||     5
       Staff             |       |     8 ||     8
 Cast: Beastly Appendage |    12 |     6 ||    18
       Wereblood         |       |     6 ||     6
       Spider Form       |       |     9 ||     9
 Stab: Sleeping          |     1 |     2 ||     3
Armor: Skin              |     6 |     4 ||    10
Dodge: Dodged            |    43 |    67 ||   110

Table legend: (Time is in decaauts)
 A = Elapsed time spent in this place.
 B = Non-inter-level travel time spent in this place.
 C = Inter-level travel time spent in this place.
 D = Time resting spent in this place.
 E = Time spent auto-exploring this place.
 F = Levels seen in this place.
 G = Mean time per level.
                   A        B        C        D        E       F      G
               +--------+--------+--------+--------+--------+-----+--------+
         Total |   3785 |   3761 |     24 |    361 |   2819 |   3 | 1261.7 |
       Dungeon |   3785 |   3761 |     24 |    361 |   2819 |   3 | 1261.7 |
               +--------+--------+--------+--------+--------+-----+--------+

Top non-repeatable levels by time:
     D:2: 1495 daAuts
     D:1: 1489 daAuts
     D:3: 800 daAuts
